 Dungeon Crawl Stone Soup version 0.30-a0-404-g0b3c3f4973 (webtiles) character file.

Game seed: 7232735880448650735

596 ketsa the Cleaver (level 7, -9/57 HPs)
             Began as a Hill Orc Fighter on Dec 7, 2022.
             Was a Follower of Nemelex Xobeh.
             Mangled by Menkaure (19 damage)
             ... on level 5 of the Dungeon.
             The game lasted 00:11:50 (4814 turns).

ketsa the Cleaver (Hill Orc Fighter)                Turns: 4814, Time: 00:11:51

Health: -9/57      AC: 10    Str: 21    XL:     7   Next: 40%
Magic:  7/7        EV:  9    Int:  8    God:    Nemelex Xobeh [*.....]
Gold:   327        SH: 10    Dex: 10    Spells: 6/6 levels left

rFire   . . .      SeeInvis .    a - +0 war axe
rCold   . . .      Faith    .    c - +0 buckler
rNeg    . . .      Spirit   .    b - +0 scale mail
rPois   .          Reflect  +    z - +0 helmet
rElec   .          Harm     .    A - +0 cloak {Stlth+}
rCorr   .          Rampage  .    q - +0 pair of gloves
Will    .....                    (no boots)
Stlth   +.........               x - amulet of reflection
HPRegen 0.29/turn                (no ring)
MPRegen 0.10/turn                (no ring)

@: no status effects
A: no striking features
a: Renounce Religion, Draw Escape, Draw Destruction, Draw Summoning


You were on level 5 of the Dungeon.
You worshipped Nemelex Xobeh.
Nemelex Xobeh was aware of your devotion.
You visited 2 branches of the dungeon, and saw 7 of its levels.

You collected 327 gold pieces.

Inventory:

Hand Weapons
 a - a +0 war axe (weapon)
Missiles
 g - 47 stones (quivered)
Armour
 b - a +0 scale mail (worn)
 c - a +0 buckler (worn)
 p - a +0 ring mail
 q - a +0 pair of gloves (worn)
 y - a +0 plate armour
 z - a +0 helmet (worn)
 A - a +0 cloak of stealth (worn)
Jewellery
 r - a ring of magical power
 x - an amulet of reflection (around neck)
Wands
 v - a wand of iceblast (8)
Scrolls
 f - 2 scrolls of enchant armour {unknown}
 h - 2 scrolls of enchant weapon {unknown}
 l - 3 scrolls of vulnerability {unknown}
 m - 4 scrolls of identify {unknown}
 n - 2 scrolls of amnesia {unknown}
 o - a scroll of poison {unknown}
 s - 2 scrolls of teleportation {unknown}
 t - a scroll of blinking {unknown}
 u - a scroll of noise {unknown}
 B - a scroll of immolation {unknown}
Potions
 d - a potion of might
 e - 2 potions of cancellation {unknown}
 i - 2 potions of invisibility
 j - 3 potions of degeneration {unknown}
 k - a potion of flight {unknown}
 w - a potion of attraction {unknown}


   Skills:
 - Level 3.6 Fighting
 * Level 8.7 Axes
 - Level 3.2 Armour
 + Level 5.8 Shields


You had 6 spell levels left.
You didn't know any spells.
Your spell library contained the following spells:

 Spells                   Type           Power      Damage    Failure   Level
 Magic Dart               Conj           0%         1d3       83%         1
 Summon Small Mammal      Summ           0%         N/A       83%         1
 Call Canine Familiar     Summ           0%         N/A       99%         3
 Summon Guardian Golem    Hex/Summ       0%         N/A       99%         3
 Arcjolt                  Conj/Air       0%         1d10      100%        5
 Starburst                Conj/Fire      0%         6d3       100%        6


Dungeon Overview and Level Annotations

Branches:
Dungeon (6/15)             Temple (1/1) D:5

Altars:
Ashenzari
Cheibriados
Dithmenos
Elyvilon
Gozag
Kikubaaqudgha
Makhleb
Nemelex Xobeh
Okawaru
Qazlal
Ru
Sif Muna
Uskayaw
Vehumet
Wu Jian
The Shining One

Shops:
D:5 [

Annotations:
D:5 Menkaure


Message History

Menkaure shouts!
Menkaure mumbles some strange words.
Menkaure seems to speed up.
There is an entrance to Udisyps's Antique Armour Shop here.
You can access your shopping list by pressing '$'.
There is an open door here.
You close the door.
Menkaure breaks down the door.
Menkaure hits you but does no damage.
There is a broken door here.
You barely miss Menkaure.
Menkaure calls on the powers of darkness!
Your body is wracked with pain!
You slash Menkaure!
Menkaure is moderately damaged.
Menkaure hits you!
* * * LOW HITPOINT WARNING * * *
Menkaure calls on the powers of darkness!
Your body is wracked with pain!
* * * LOW HITPOINT WARNING * * *
You barely miss Menkaure.
Menkaure is moderately damaged.
You block Menkaure's attack.
You draw a card...
You have drawn the Orb.
Press: ? - help, Shift-Dir - straight line, f - Menkaure
Aim: Menkaure (moderately damaged, fast)
The wavering orb of destruction weakly hits Menkaure!
Menkaure is almost destroyed.
Menkaure gestures at you while chanting.
You struggle to resist.
Okay, then.
Aiming: Iceblast
Press: ? - help, Shift-Dir - straight line, p - Menkaure
Okay, then.
You closely miss Menkaure.
Menkaure is almost destroyed.
Menkaure hits you!!
You die...
Your body glows slightly and disappears.

#.......# ##.......# ##
#.......# #.......##
#.......# ##.......#
....##....###..#.....#
+##.####...##..###....#
#.# ##.....##.##...#
#+# #....##...##.##
##....##.##..#
#.....@##...#
#...#.M#....#
#....##...#..#
.......##.##...#
........$...∩..#
#..............#
....#########......
...> #...... ....##


You could see Menkaure (fast).

Vanquished Creatures
  A water moccasin (D:6)
  A phantom (D:4)
  A scorpion (D:4)
  Crazy Yiuf (D:3)
  Ijyb (D:3)
  An iguana (D:5)
  3 orc wizards
  6 adders
  A white imp (D:5)
  3 worms
  2 dart slugs (D:1)
  13 orcs
  8 ball pythons
  5 bats
  6 endoplasms
  4 giant cockroaches
  12 goblins
  9 hobgoblins
  7 jackals
  3 quokkas
  4 frilled lizards
  10 kobolds
  9 rats
111 creatures vanquished.

Notes
Turn   | Place    | Note
-------+----------+-------------------------------------------
     0 | D:1      | ketsa the Hill Orc Fighter began the quest for the Orb.
     0 | D:1      | Reached XP level 1. HP: 19/19 MP: 1/1
    61 | D:1      | Reached skill level 3 in Axes
   206 | D:1      | Reached XP level 2. HP: 26/26 MP: 2/2
   557 | D:1      | Reached skill level 4 in Axes
   579 | D:1      | Reached XP level 3. HP: 31/31 MP: 3/3
  1129 | D:2      | Found a broken altar of Ashenzari.
  1258 | D:2      | Reached XP level 4. HP: 39/39 MP: 4/4
  1283 | D:2      | Reached skill level 5 in Axes
  1854 | D:3      | You fall into a shaft and drop 3 floors!
  1862 | D:6      | Noticed a water moccasin
  1871 | D:6      | Killed a water moccasin
  1872 | D:6      | Reached skill level 6 in Axes
  1872 | D:6      | Reached XP level 5. HP: 22/45 MP: 5/5
  1983 | D:5      | Entered Level 5 of the Dungeon
  2072 | D:5      | Found a staircase to the Ecumenical Temple.
  2083 | Temple   | Entered the Ecumenical Temple
  2293 | Temple   | Became a worshipper of Nemelex Xobeh the Trickster
  2339 | D:5      | Noticed Blork the orc
  2471 | D:4      | Reached XP level 6. HP: 27/51 MP: 6/6
  2608 | D:4      | Reached skill level 5 in Shields
  2636 | D:4      | Got the Catalogue of Hurting
  2725 | D:3      | Reached skill level 7 in Axes
  2741 | D:3      | Noticed Ijyb
  2755 | D:3      | Killed Ijyb
  2909 | D:3      | Found an ancient bone altar of Kikubaaqudgha.
  2910 | D:3      | Found a shimmering blue altar of Sif Muna.
  2910 | D:3      | Found an iron altar of Okawaru.
  2912 | D:3      | Found a hide-covered altar of Uskayaw.
  3008 | D:3      | Reached * piety under Nemelex Xobeh
  3221 | D:3      | Received a gift from Nemelex Xobeh
  3241 | D:3      | Found a runed translucent door.
  3242 | D:3      | Noticed Crazy Yiuf
  3355 | D:3      | Noticed Robin
  3371 | D:3      | Robin changed into Robin the rat
  3371 | D:3      | Noticed Robin
  3377 | D:3      | Killed Robin the rat
  3737 | D:3      | Killed Crazy Yiuf
  3947 | D:4      | Reached skill level 8 in Axes
  3947 | D:4      | Reached XP level 7. HP: 50/57 MP: 7/7
  4631 | D:5      | Blork the orc changed into Blork the iguana
  4631 | D:5      | Noticed Blork
  4637 | D:5      | Killed Blork the iguana
  4657 | D:5      | Found a sacrificial altar of Ru.
  4795 | D:5      | Found Udisyps's Antique Armour Shop.
  4797 | D:5      | Noticed Menkaure
  4814 | D:5      | Mangled by Menkaure

Illustrated notes

Levels and vault maps discovered:
D:1:      lightli_arrival_boilingwater, layout_basic
D:2:      minmay_evil_eye, layout_basic, basic_altar, minmay_misc_feat_x,
          minmay_misc_feat_tiny, grunt_decor_one_mirror
D:3:      layout_basic, grunt_temple_overflow_open,
          minmay_fractal_squares_diagonal_5, uniq_ijyb, uniq_crazy_yiuf_cottage,
          uniq_robin
D:4:      layout_cave_pods, amcnicky_mini_rare_corridor_liquid
D:5:      nicolae_cairo_tiling_large, layout_layer_cave,
          regret_index_temple_of_mockery, mainiacjoe_overflow_alcove_1,
          minmay_temple_entry_slanted, enter_ossuary_5, portal_sewer_entry_f,
          serial_shops, shop, uniq_blork_the_orc, uniq_sigmund, uniq_menkaure
D:6:      layout_gridville, hex_large, dreamdust_princess_bridge,
          serial_bayou_lagoon_a
Temple:   nicolae_temple_bog_church

Skill      XL: |  1  2  3  4  5  6 |
---------------+-------------------+-----
Axes           | 3 4 6 8 |  8.7
Shields        | 4 5 |  5.8
Fighting       | |  3.6
Armour         | |  3.2

Action                   |  1- 3 |  4- 6 |  7- 9 || total
-------------------------+-------+-------+-------++-------
Melee: War axe           |   109 |   194 |    43 ||   346
Throw: Stone             |     2 |       |       ||     2
Invok: Draw Destruction  |       |     1 |     2 ||     3
  Use: Scroll            |       |     1 |       ||     1
       Potion            |       |     1 |       ||     1
 Stab: Invisible         |       |     1 |       ||     1
Armor: Scale mail        |    59 |    90 |    11 ||   160
Dodge: Dodged            |    57 |    78 |     7 ||   142
Block: Buckler           |    20 |    34 |    14 ||    68

Table legend: (Time is in decaauts)
 A = Elapsed time spent in this place.
 B = Non-inter-level travel time spent in this place.
 C = Inter-level travel time spent in this place.
 D = Time resting spent in this place.
 E = Time spent auto-exploring this place.
 F = Levels seen in this place.
 G = Mean time per level.
                   A        B        C        D        E       F      G
               +--------+--------+--------+--------+--------+-----+--------+
         Total |   4915 |   4764 |    151 |    694 |   2652 |   7 |  702.1 |
       Dungeon |   4687 |   4541 |    146 |    694 |   2497 |   6 |  781.2 |
        Temple |    228 |    223 |      5 |      0 |    155 |   1 |  228.0 |
               +--------+--------+--------+--------+--------+-----+--------+

Top non-repeatable levels by time:
     D:3: 1232 daAuts
     D:4: 1031 daAuts
     D:2: 1028 daAuts
     D:1: 817 daAuts
     D:5: 418 daAuts
  Temple: 228 daAuts
     D:6: 159 daAuts
